 Dungeon Crawl Stone Soup version 0.32-a0-42-ga30500b4d3 (webtiles) character file.

Game seed: 544646226501951173

1856 porpoise the Carver (level 8, 0/64 HPs)
             Began as a Demonspawn Gladiator on Jan 27, 2024.
             Slain by a killer bee (2 damage)
             ... on level 6 of the Dungeon.
             The game lasted 00:16:59 (5525 turns).

porpoise the Carver (Demonspawn Gladiator)          Turns: 5525, Time: 00:17:02

Health: 0/64       AC: 13    Str: 11 (14) XL:     8   Next: 89%
Magic:  0/8        EV: 11    Int:  7 (8)  God:
Gold:   278        SH:  0    Dex: 18 (21) Spells: 7/7 levels left

rFire   . . .        a - +0 long sword
rCold   . . .        (no shield)
rNeg    + . .        r - +2 ring mail of Dull Satisfaction {rN+ Will+ Dex+3}
rPois   .            c - +0 helmet
rElec   .            y - +0 cloak
rCorr   .            n - +1 pair of gloves
SInv    .            (no boots)
Will    ++...        (no amulet)
Stlth   ++           (no ring)
HPRegen 0.30/turn    (no ring)
MPRegen 0.22/turn

%: guardian spirit
@: brilliant, lethally poisoned (0 -> -5), enlightened, flying
A: molten scales 1, spiny 1, magic shield, magic regeneration, demonic touch 1
a: no special abilities


You were on level 6 of the Dungeon.
You visited 1 branch of the dungeon, and saw 6 of its levels.

You collected 278 gold pieces.

Inventory:

Hand Weapons
 a - a +0 long sword (weapon)
 b - a +2 hand axe of electrocution
 k - a +1 short sword of speed
 o - a +0 orcbow
Missiles
 d - 3 throwing nets
 e - a poisoned dart (quivered)
 w - a javelin
 C - 5 boomerangs
Armour
 c - a +0 helmet (worn)
 n - a +1 pair of gloves (worn)
 r - the +2 ring mail of Dull Satisfaction (worn) {rN+ Will+ Dex+3}
   (You found it on level 2 of the Dungeon)

   Dex+3:     It affects your dexterity (+3).
   rN+:       It protects you from negative energy.
   Will+:     It increases your willpower.
 y - a +0 cloak (worn)
Magical Staves
 x - a staff of death
 D - a staff of conjuration
Jewellery
 q - a +6 ring of strength
Wands
 i - a wand of paralysis (8)
 s - a wand of quicksilver (11)
 u - a wand of flame (14)
 F - a wand of mindburst (7)
Scrolls
 f - 3 scrolls of vulnerability
 h - 4 scrolls of fog
 t - 2 scrolls of identify
 z - a scroll of teleportation
Potions
 g - 2 potions of cancellation
 j - 2 potions of resistance
 p - a potion of ambrosia
 A - a potion of lignification {unknown}
 B - a potion of mutation {unknown}


   Skills:
 + Level 6.1 Fighting
 * Level 8.0 Long Blades
 - Level 1.7 Throwing
 - Level 2.6 Dodging
 - Level 5.0 Stealth
 + Level 2.0 Evocations


You had 7 spell levels left.
You didn't know any spells.
Your spell library contained the following spells:

 Spells                   Type           Power      Damage    Failure   Level
 Call Imp                 Summ           0%         N/A       86%         2
 Scorch                   Fire           0%         2d5       86%         2
 Sublimation of Blood     Necr           0%         N/A       86%         2
 Flame Wave               Conj/Fire      0%         2d4       100%        4
 Summon Cactus Giant      Summ           0%         N/A       100%        6
 Summon Hydra             Summ           0%         N/A       100%        7


Dungeon Overview and Level Annotations

Branches:
Dungeon (6/15)
 Temple: D:4-7

Altars:
Dithmenos
Kikubaaqudgha
Okawaru


Innate Abilities, Weirdness & Mutations

You are partially covered in molten scales. (AC +2)
You are partially covered in sharp spines.
When hurt, damage is shared between your health and your magic reserves.
You regenerate magic rapidly.
Your touch may inflict minor irresistible damage on your foes.


Message History

You feel sick. The killer bee misses you.
The orc priest mumbles some strange prayers to Beogh against you.
Beogh smites you!
* * * LOW HITPOINT WARNING * * *
Your Long Blades skill increases to level 8!
Your Evocations skill increases to level 2!
You feel better.
The killer bee stings you but does no damage.
The killer bee is struck by your spines.
The killer bee stings you.
* * * LOW HITPOINT WARNING * * *
It was a potion of degeneration.
There was something very wrong with that liquid.
You feel weakened.
You feel dopey.
You feel clumsy.
The killer bee stings you but does no damage.
The killer bee misses you.
The orc priest invokes the aid of Beogh against you.
Beogh smites you!
* * * LOW HITPOINT WARNING * * *
As you read the scroll of fear, it crumbles to dust.
You assume a fearsome visage.
The killer bee looks frightened! x2
The black bear looks frightened!
The adder looks frightened!
The ice beast looks frightened!
The orc priest looks frightened!
The orc looks frightened!
The orc priest looks frightened!
The sentinel's mark upon you fades away.
Cornered, the killer bee turns to fight! x2
Cornered, the adder turns to fight!
It was a potion of enlightenment.
You feel very buoyant.
You fly up into the air.
The killer bee stings you.
* * * LOW HITPOINT WARNING * * *
You are lethally poisoned!
The killer bee poisons you! The killer bee barely misses you.
It was a potion of brilliance.
You feel clever all of a sudden.
* * * LOW HITPOINT WARNING * * *
You feel sick.
The killer bee is struck by your spines.
The killer bee stings you.
You die...

### ..# ..# ..# ..##
##h#
#..###############S.((#.
##............))@yy(.o(.
##################.(.Y#.
.####....# ...#
....#....# .oo.
.........# #..
...#.....# #
...#.........
...##....#### ...##....#


You could see a black bear (fleeing), an ice beast (fleeing), 2 killer bees, 2
orc priests, an adder and an orc (fleeing).

Vanquished Creatures
  Menkaure (D:4)
  A water moccasin (D:6)
  An orc warrior (D:6)
  A sky beast (D:6)
  An ice beast (D:3)
  A centaur (D:6)
  A phantom (D:5)
  A kobold brigand (D:6)
  Blork the orc (D:5)
  4 killer bees (D:6)
  3 bombardier beetles
  3 hounds
  A gnoll bouda (D:4)
  2 orc priests (D:5)
  Crazy Yiuf (D:3)
  3 iguanas
  Ijyb (D:3)
  2 sleepcaps (D:6)
  Jessica (D:3)
  4 orc wizards
  Natasha (twice) (D:2)
  Robin (D:3)
  7 gnolls
  7 adders
  A shadow imp (D:5)
  2 white imps
  2 ufetubi (D:5)
  2 ribbon worms
  3 dart slugs (D:4)
  14 orcs
  4 endoplasms
  A giant cockroach (D:4)
  19 goblins
  8 hobgoblins
  3 quokkas (D:5)
  2 ball pythons (D:1)
  5 bats
  7 kobolds
  5 rats
129 creatures vanquished.

Vanquished Creatures (others)
  A human (D:3)
1 creature vanquished.

Grand Total: 130 creatures vanquished

Notes
Turn   | Place    | Note
-------+----------+-------------------------------------------
     0 | D:1      | porpoise the Demonspawn Gladiator began the quest for the
                  | Orb.
     0 | D:1      | Reached XP level 1. HP: 16/16 MP: 1/1
   321 | D:1      | Reached skill level 3 in Long Blades
   321 | D:1      | Gained mutation: You regenerate magic rapidly. [demonic
                  | ancestry]
   321 | D:1      | Reached XP level 2. HP: 22/22 MP: 2/2
   881 | D:2      | Identified the +2 ring mail of Dull Satisfaction {rN+ Will+
                  | Dex+3}
  1122 | D:2      | Noticed Natasha
  1123 | D:2      | Reached skill level 1 in Stealth
  1130 | D:2      | Killed Natasha
  1131 | D:2      | Gained mutation: You are partially covered in sharp spines.
                  | [demonic ancestry]
  1131 | D:2      | Reached XP level 3. HP: 22/28 MP: 3/3
  1395 | D:2      | Noticed Natasha
  1400 | D:2      | Killed Natasha
  1401 | D:2      | Gained mutation: You are partially covered in molten
                  | scales. (AC +2) [demonic ancestry]
  1401 | D:2      | Reached XP level 4. HP: 34/34 MP: 4/4
  1562 | D:3      | Noticed Ijyb
  1577 | D:3      | Noticed Jessica
  1579 | D:3      | Killed Jessica
  1602 | D:3      | Killed Ijyb
  1603 | D:3      | Reached skill level 4 in Long Blades
  1656 | D:3      | Reached XP level 5. HP: 41/41 MP: 5/5
  2002 | D:3      | Found a shadowy altar of Dithmenos.
  2019 | D:3      | Noticed an ice beast
  2030 | D:3      | Killed an ice beast
  2152 | D:3      | Gained mutation: Your touch may inflict minor irresistible
                  | damage on your foes. [demonic ancestry]
  2152 | D:3      | Reached XP level 6. HP: 44/47 MP: 6/6
  2396 | D:3      | Noticed Robin
  2406 | D:3      | Killed Robin
  2472 | D:3      | Found an ancient bone altar of Kikubaaqudgha.
  2475 | D:3      | Noticed a human
  2476 | D:3      | Killed a human
  2577 | D:3      | Found a runed translucent door.
  2578 | D:3      | Noticed Crazy Yiuf
  2728 | D:3      | Killed Crazy Yiuf
  2729 | D:3      | Reached skill level 5 in Long Blades
  3489 | D:4      | Noticed Menkaure
  3982 | D:5      | Entered Level 5 of the Dungeon
  4001 | D:4      | Killed Menkaure
  4002 | D:4      | Gained mutation: When hurt, damage is shared between your
                  | health and your magic reserves. [demonic ancestry]
  4002 | D:4      | Reached XP level 7. HP: 49/54 MP: 7/7
  4324 | D:5      | Reached skill level 6 in Long Blades
  4392 | D:5      | Noticed Blork the orc
  4400 | D:5      | Killed Blork the orc
  4529 | D:5      | Reached skill level 5 in Fighting
  4529 | D:5      | Reached XP level 8. HP: 51/62 MP: 6/8
  4865 | D:5      | Identified the +12 rapier "Zedos" {vamp, rF- rCorr Int-5
                  | Dex+8}
  5043 | D:6      | Reached skill level 7 in Long Blades
  5269 | D:6      | Reached skill level 5 in Stealth
  5426 | D:6      | Found an iron altar of Okawaru.
  5502 | D:6      | Reached skill level 1 in Evocations
  5521 | D:6      | Reached skill level 8 in Long Blades
  5524 | D:6      | HP: 3/64 [killer bee (4)]
  5525 | D:6      | Slain by a killer bee

Illustrated notes

Levels and vault maps discovered:
D:1:      matt_arrival_refuge, layout_loops_ring, minmay_pentomino_p2
D:2:      layout_basic, uniq_natasha
D:3:      wander_river, layout_basic, tgw_kikubaaqudgha, lemuel_tele_altar,
          uniq_robin, uniq_crazy_yiuf_cottage, uniq_ijyb, uniq_jessica
D:4:      layout_layer_cave, pdpol_temple_overflow_zin_treasury_gozag_greed,
          uniq_menkaure
D:5:      layout_rooms, cheibrodos_sewer_entry_bend, uniq_blork_the_orc
D:6:      layout_basic, okawaru_altar_gauntlet_db, kb_xom_exploding_sheep

Skill      XL: |  1  2  3  4  5  6  7  8 |
---------------+-------------------------+-----
Long Blades    | 3 4 5 6 8 |  8.0
Stealth        | 1 2 3 4 5 |  5.0
Fighting       | 3 4 5 6 |  6.1
Evocations     | 2 |  2.0
Throwing       | |  1.7
Dodging        | |  2.6

Action                     |  1- 3 |  4- 6 |  7- 9 || total
---------------------------+-------+-------+-------++-------
  Melee: Long sword        |    47 |    77 |   137 ||   261
         Hand axe          |    10 |       |       ||    10
         Punch             |     1 |     1 |     5 ||     7
         Touch             |       |    12 |    17 ||    29
  Throw: Dart              |     3 |    23 |    22 ||    48
         Javelin           |       |     1 |       ||     1
  Evoke: Wand              |       |     7 |     1 ||     8
    Use: Scroll            |       |     6 |     4 ||    10
         Potion            |       |     2 |     4 ||     6
   Stab: Sleeping          |       |     8 |     2 ||    10
 Armour: Leather armour    |    15 |       |       ||    15
         Ring mail         |    19 |    50 |   128 ||   197
  Dodge: Dodged            |    33 |    31 |    75 ||   139

Table legend: (Time is in decaauts)
 A = Elapsed time spent in this place.
 B = Non-inter-level travel time spent in this place.
 C = Inter-level travel time spent in this place.
 D = Time resting spent in this place.
 E = Time spent auto-exploring this place.
 F = Levels seen in this place.
 G = Mean time per level.
                   A        B        C        D        E       F      G
               +--------+--------+--------+--------+--------+-----+--------+
         Total |   5580 |   5401 |    179 |   1196 |   3172 |   6 |  930.0 |
       Dungeon |   5580 |   5401 |    179 |   1196 |   3172 |   6 |  930.0 |
               +--------+--------+--------+--------+--------+-----+--------+

Top non-repeatable levels by time:
     D:3: 1558 daAuts
     D:5: 983 daAuts
     D:4: 913 daAuts
     D:2: 797 daAuts
     D:1: 790 daAuts
     D:6: 537 daAuts
